 Dungeon Crawl Stone Soup version 0.31-a0-836-g3ceb0a68c4 (webtiles) character file.

Game seed: 3309143564075087969

59 LeprechaunX the Changeling (level 4, -1/29 HPs)
             Began as an Octopode Shapeshifter on Sept 26, 2023.
             Slain by a gnoll
             ... wielding a +0 whip
              (6 damage)
             ... on level 2 of the Dungeon.
             The game lasted 00:01:25 (764 turns).

LeprechaunX the Changeling (Octopode Shapeshifter)   Turns: 764, Time: 00:01:25

Health: -1/29      AC:  1    Str: 15    XL:     4   Next: 3%
Magic:  4/4        EV: 13    Int: 12    God:
Gold:   27         SH:  0    Dex: 11    Spells: 3/3 levels left

rFire   . .          .
                       - Unarmed
rCold   . . .        (no shield)
rNeg    . . .        (helmet currently unavailable)
rPois   .            (no amulet)
rElec   .            (no ring)
rCorr   .            (no ring)
SInv    .            (no ring)
Will    .....        (no ring)
Stlth   ++           (no ring)
HPRegen 0.24/turn    (no ring)
MPRegen 0.09/turn    (no ring)
                     (no ring)

%: no passive effects
@: beast-form
A: beast (slay +2), almost no armour, amphibious, 8 rings, camouflage 1,
gelatinous body 1, (nimble swimmer 1), tentacles
a: Begin Untransformation


You were on level 2 of the Dungeon.
You were a hulking beast.
You visited 1 branch of the dungeon, and saw 2 of its levels.

You collected 27 gold pieces.

Inventory:

Talismans
 b - a beast talisman (active)
 c - a flux talisman
Scrolls
 d - a scroll of noise {unknown}
 e - a scroll of fog {unknown}
 f - a scroll of revelation {unknown}
Potions
 a - a potion of lignification
 g - a potion of magic {unknown}


   Skills:
 + Level 1.8 Fighting
 + Level 2.5 Dodging
 + Level 3.3 Unarmed Combat
 * Level 3.6 Shapeshifting


You had 3 spell levels left.
You didn't know any spells.
Your spell library was empty.

Dungeon Overview and Level Annotations

Branches:
Dungeon (2/15)

Altars:

Shops:
D:1 [


Innate Abilities, Weirdness & Mutations

You are a hulking beast.
Your limbs bulge with bestial killing power. (Slay +2)
You cannot wear most types of armour.
You are amphibious.
You can wear up to eight rings at the same time.
Your skin changes colour to match your surroundings (Stealth+).
Your rubbery body absorbs attacks. (AC +1, EV +1)
((You are camouflaged when in or above water. (Stealth+)))
You have tentacles for arms and can constrict up to eight enemies at once.


Message History

You are too injured to fight recklessly!
You are too injured to fight recklessly!
You are too injured to fight recklessly!
You are too injured to fight recklessly!
You are too injured to fight recklessly!
You are too injured to fight recklessly!
You are too injured to fight recklessly!
You are too injured to fight recklessly!
You are too injured to fight recklessly!
Unknown command.
You release your grip on the gnoll.
You tentacle-slap the gnoll but do no damage.
You grab the gnoll.
You constrict the gnoll, but do no damage.
The gnoll closely misses you.
You bludgeon the gnoll!
The gnoll is heavily wounded.
You constrict the gnoll. The gnoll closely misses you.
You tentacle-slap the gnoll.
You kill the gnoll!
You barely miss the gnoll. Your grab misses the gnoll.
The gnoll barely misses you.
You tentacle-slap the gnoll. You grab the gnoll.
The gnoll is moderately wounded.
You constrict the gnoll. The gnoll closely misses you.
You tentacle-slap the gnoll. You squeeze the gnoll.
You kill the gnoll!
You have reached level 4!
You barely miss the gnoll. Your grab misses the gnoll. You squeeze the gnoll.
The gnoll is lightly wounded.
The gnoll hits you with a +0 whip.
You tentacle-slap the gnoll. Your grab misses the gnoll.
The gnoll is heavily wounded.
The gnoll hits you with a +0 whip.
* * * LOW HITPOINT WARNING * * *
You tentacle-slap the gnoll but do no damage.
Your grab misses the gnoll.
The gnoll is heavily wounded.
The gnoll hits you with a +0 whip.
You die...

..##. .. ...### .#)
#####.... ..# #........
#... ..#####........
#.#.###..............
###.#...#######..#.....
##...###..####........##
#....ggh................
#...#######.?..######...#
#. ##..## #..## #..# #..#
#.## ...# #.# #.# #.# #..


You could see 2 gnolls.

Vanquished Creatures
  3 gnolls
  3 dart slugs (D:1)
  4 endoplasms
  2 giant cockroaches (D:1)
  2 goblins (D:1)
  2 quokkas (D:1)
  3 ball pythons (D:1)
  A bat (D:1)
  A kobold (D:1)
  2 rats (D:1)
23 creatures vanquished.

Notes
Turn   | Place    | Note
-------+----------+-------------------------------------------
     0 | D:1      | LeprechaunX the Octopode Shapeshifter began the quest for
                  | the Orb.
     0 | D:1      | Reached XP level 1. HP: 13/13 MP: 1/1
    72 | D:1      | Reached XP level 2. HP: 17/18 MP: 2/2
   267 | D:1      | Found Daucun's Armour Boutique.
   517 | D:1      | Reached XP level 3. HP: 13/23 MP: 3/3
   762 | D:2      | Reached XP level 4. HP: 14/29 MP: 4/4
   764 | D:2      | Slain by a gnoll

Illustrated notes

Levels and vault maps discovered:
D:1:      matt_arrival_spirals, layout_basic, serial_shops, shop
D:2:      kennysheep_six_static_rooms, layout_rooms, grunt_ministairs_3,
          wander_ebering_terrifying_dragon_lair, uniq_crazy_yiuf_cottage

Action                     |  1- 3 |  4- 6 || total
---------------------------+-------+-------++-------
  Melee: Unarmed           |    43 |     3 ||    46
         Constrict         |    14 |       ||    14
         Tentacles         |     8 |     1 ||     9
         Punch             |     2 |       ||     2
   Stab: Sleeping          |     6 |       ||     6
 Armour: Skin              |    12 |     3 ||    15
  Dodge: Dodged            |    27 |       ||    27

Table legend: (Time is in decaauts)
 A = Elapsed time spent in this place.
 B = Non-inter-level travel time spent in this place.
 C = Inter-level travel time spent in this place.
 D = Time resting spent in this place.
 E = Time spent auto-exploring this place.
 F = Levels seen in this place.
 G = Mean time per level.
                   A        B        C        D        E       F      G
               +--------+--------+--------+--------+--------+-----+--------+
         Total |    760 |    711 |     49 |      0 |    584 |   2 |  380.0 |
       Dungeon |    760 |    711 |     49 |      0 |    584 |   2 |  380.0 |
               +--------+--------+--------+--------+--------+-----+--------+

Top non-repeatable levels by time:
     D:1: 722 daAuts
     D:2: 37 daAuts
